[Event "Titled Tuesday Blitz November 14 Early 2023"]
[White "Buchenau, Frank"]
[Black "Bobomurodova, Maftuna"]
[WhiteFideId "4604350"]
[BlackFideId "14207400"]
[WhiteElo "2416"]
[BlackElo "2330"]
[Result "1-0"]
[Round "9"]
[TimeControl "180+1"]
[Date "2023.11.14"]
[WhiteClock "0:00:11"]
[BlackClock "0:00:00"]
[Board "126"]

1. e4 e5 2. Nf3 Nc6 3. Bc4 Bc5 4. O-O Nf6 5. d3 d6 6. c3 O-O 7. Nbd2 a6 8. Bb3 Ba7 9. h3 Ne7 10. Re1 Ng6 11. Nf1 h6 12. Ng3 Re8 13. d4 c6 14. Be3 Qc7 15. Bc2 Be6 16. Qd2 Rad8 17. Rad1 Bc8 18. Bxh6 gxh6 19. Qxh6 Qe7 20. Bb3 Be6 21. Nf5 Qf8 22. Qg5 Bxb3 23. axb3 Nh7 24. Qg4 Kh8 25. h4 Nf4 26. g3 Qg8 27. Qxg8+ Rxg8 28. dxe5 dxe5 29. Rxd8 Rxd8 30. gxf4 exf4 31. e5 Rg8+ 32. Kf1 Bc5 33. Re4 Rd8 34. Rxf4 Rd1+ 35. Kg2 Rb1 36. b4 Bb6 37. Nd6 Rxb2 38. Nxf7+ Kg7 39. Nd4 1-0


[Site "https://www.chess.com"]

[Event "Titled Tuesday Blitz November 14 Early 2023"]
[White "Haitin, Ilja"]
[Black "rikchessmx"]
[WhiteFideId "4501764"]
[WhiteElo "2415"]
[BlackElo "2327"]
[Result "1-0"]
[Round "9"]
[TimeControl "180+1"]
[Date "2023.11.14"]
[WhiteClock "0:00:05"]
[BlackClock "0:00:00"]
[Board "127"]

1. Nf3 d5 2. g3 c6 3. Bg2 Bg4 4. O-O e6 5. c4 Nd7 6. h3 Bh5 7. cxd5 exd5 8. d4 Ngf6 9. Ne5 Nxe5 10. dxe5 Nd7 11. f4 Bc5+ 12. Kh1 f5 13. exf6 Nxf6 14. b4 Bb6 15. Bb2 O-O 16. Nd2 Qe7 17. Nf3 Qxb4 18. Rb1 Bg6 19. a3 Qa5 20. Rc1 Ne4 21. Kh2 Bf2 22. Rxf2 Nxf2 23. Qd4 Rf7 24. Qxf2 Be4 25. Ng5 Re7 26. Nxe4 dxe4 27. Qd4 Rd8 28. Qc4+ Kh8 29. Bxe4 Rd2 30. Be5 Qxa3 31. Qc3 Qa2 32. Bf3 h5 33. h4 Rxe2+ 34. Bxe2 Qxe2+ 35. Kh3 Qg4+ 36. Kg2 Qe2+ 37. Kg1 Rd7 38. Re1 Rd1 39. Rxd1 Qxd1+ 40. Kf2 Qe2+ 41. Kxe2 1-0


[Site "https://www.chess.com"]

[Event "Titled Tuesday Blitz November 14 Early 2023"]
[White "Osmonbekov, Talaibek"]
[Black "Mayaud, Raphael"]
[WhiteFideId "2017253"]
[BlackFideId "627151"]
[WhiteElo "2320"]
[BlackElo "2413"]
[Result "0-1"]
[Round "9"]
[TimeControl "180+1"]
[Date "2023.11.14"]
[WhiteClock "0:00:00"]
[BlackClock "0:00:05"]
[Board "128"]

1. d4 Nf6 2. Nc3 d5 3. Bf4 c6 4. e3 Bf5 5. Nf3 e6 6. Ne5 Nbd7 7. g4 Nxe5 8. gxf5 Ned7 9. fxe6 fxe6 10. Rg1 g6 11. Bh3 Qe7 12. Qd3 e5 13. dxe5 Nxe5 14. Qe2 Bg7 15. O-O-O O-O 16. Bxe5 Qxe5 17. f4 Qe7 18. f5 Rae8 19. Rd3 gxf5 20. Bxf5 Kh8 21. Qg2 Rf7 22. Qh3 Qe5 23. Bg6 Ref8 24. Bxf7 Rxf7 25. Rf1 b5 26. Rf5 Qe7 27. Qf3 b4 28. Ne2 Rf8 29. Rd1 Re8 30. Rf1 Ne4 31. Nd4 c5 32. Ne2 Nd6 33. Rxd5 Nc4 34. c3 bxc3 35. Nxc3 Qb7 0-1


[Site "https://www.chess.com"]

[Event "Titled Tuesday Blitz November 14 Early 2023"]
[White "Suspenser17"]
[Black "Buscar, Michael"]
[BlackFideId "2603616"]
[WhiteElo "2412"]
[BlackElo "2300"]
[Result "0-1"]
[Round "9"]
[TimeControl "180+1"]
[Date "2023.11.14"]
[WhiteClock "0:00:00"]
[BlackClock "0:00:24"]
[Board "129"]

1. e4 c5 2. c3 Nf6 3. e5 Nd5 4. d4 cxd4 5. cxd4 Nc6 6. Nf3 d6 7. Bc4 e6 8. O-O Be7 9. Qe2 O-O 10. Nc3 Nxc3 11. bxc3 dxe5 12. dxe5 Qa5 13. h4 Bd7 14. Bd2 Rfd8 15. h5 Be8 16. Qe4 Nxe5 17. Nxe5 Rxd2 18. Qxb7 Qd8 19. Rab1 Bf6 20. Rfe1 Rc8 21. Ba6 Rxc3 22. Nf3 Rd7 23. Qb8 Qxb8 24. Rxb8 Rd8 25. Reb1 Kf8 26. Rxd8 Bxd8 27. Rb7 Bb6 28. Rb8 Ke7 29. Rb7+ Kf6 30. h6 gxh6 31. Rb8 Bc6 32. Rc8 Rc1+ 33. Kh2 Rc5 34. Nd4 Bd5 35. Rxc5 Bxc5 36. Nb3 Bxb3 37. axb3 Bxf2 38. g3 h5 39. Kg2 Bc5 40. Kf3 Kg5 41. Bd3 h6 42. Be4 h4 43. gxh4+ Kxh4 44. Bc6 Kg5 45. Be8 f5 46. Bf7 e5 47. Bd5 e4+ 48. Kg3 h5 49. Kh3 h4 50. Kg2 Kf4 51. Bf7 Ke3 52. Bh5 f4 53. Kh3 f3 54. Kh2 Bd6+ 55. Kh3 Bg3 56. Bf7 Kf2 57. Bc4 e3 58. Kg4 e2 0-1


[Site "https://www.chess.com"]

[Event "Titled Tuesday Blitz November 14 Early 2023"]
[White "IsaqueGoncalvesSanto"]
[Black "Nastase, Robert-Paul"]
[BlackFideId "1221175"]
[WhiteElo "1920"]
[BlackElo "2407"]
[Result "0-1"]
[Round "9"]
[TimeControl "180+1"]
[Date "2023.11.14"]
[WhiteClock "0:00:22"]
[BlackClock "0:00:15"]
[Board "130"]

1. d4 a6 2. c4 c6 3. Nc3 d5 4. Bf4 dxc4 5. a4 e6 6. e3 b5 7. axb5 cxb5 8. Nxb5 axb5 9. Rxa8 Bb4+ 10. Ke2 Nc6 11. f3 Nge7 12. Kf2 O-O 13. b3 Nd5 14. Bg3 c3 15. Bxb5 Nxe3 16. Kxe3 Qg5+ 17. Kf2 Qxb5 18. Ne2 Ba6 19. Rxf8+ Kxf8 20. Nc1 Ke8 21. d5 exd5 22. Re1+ Kf8 23. Qc2 Bc5+ 24. Re3 Qf1# 0-1


[Site "https://www.chess.com"]

[Event "Titled Tuesday Blitz November 14 Early 2023"]
[White "Kleiman, Jake"]
[Black "Sarkar, Justin"]
[WhiteFideId "2020041"]
[BlackFideId "2010011"]
[WhiteElo "2596"]
[BlackElo "2253"]
[Result "1/2-1/2"]
[Round "9"]
[TimeControl "180+1"]
[Date "2023.11.14"]
[WhiteClock "0:00:39"]
[BlackClock "0:00:03"]
[Board "131"]

1. e4 e5 2. Nf3 Nc6 3. Bb5 a6 4. Ba4 Nf6 5. O-O Nxe4 6. d4 b5 7. Bb3 d5 8. dxe5 Be6 9. c3 Bc5 10. Nbd2 O-O 11. Qe2 Nxd2 12. Bxd2 Bg4 13. h3 Bxf3 14. Qxf3 Nxe5 15. Qg3 Nc4 16. Bf4 Bd6 17. Bxd6 Qxd6 18. Qxd6 cxd6 19. Rad1 Nxb2 20. Rxd5 Rfd8 21. Re1 Kf8 22. Re4 Rac8 23. Red4 Rxc3 24. Rxd6 Rxd6 25. Rxd6 a5 26. Rd8+ Ke7 27. Rb8 b4 28. Rb7+ Kd6 29. Bxf7 Rc1+ 30. Kh2 Rc7 31. Rxc7 Kxc7 32. Kg3 a4 33. Kf3 b3 34. axb3 a3 35. b4 Na4 36. Ke4 Nc3+ 37. Ke5 a2 38. Bxa2 Nxa2 39. Ke6 Nxb4 40. Kf7 Nd3 41. Kxg7 Nxf2 42. Kxh7 Kd6 43. Kg6 Ke7 44. Kg7 Ke6 45. Kg6 Ke7 46. h4 Kf8 47. Kf5 Kg7 48. g4 Nxg4 49. Kxg4 Kg6 50. h5+ Kh6 51. Kg3 Kh7 52. h6 Kxh6 1/2-1/2


[Site "https://www.chess.com"]

[Event "Titled Tuesday Blitz November 14 Early 2023"]
[White "HeroRubiksCube"]
[Black "Friedland, Moshe"]
[BlackFideId "2812843"]
[WhiteElo "2492"]
[BlackElo "2324"]
[Result "1-0"]
[Round "9"]
[TimeControl "180+1"]
[Date "2023.11.14"]
[WhiteClock "0:01:47"]
[BlackClock "0:01:25"]
[Board "132"]

1. e4 c5 2. Nf3 d6 3. d4 cxd4 4. Nxd4 Nf6 5. Nc3 a6 6. Be2 e5 7. Nb3 Be7 8. Bg5 Be6 9. Bxf6 Bxf6 10. Nd5 Nc6 11. Qd3 Bxd5 12. Qxd5 O-O 13. O-O a5 14. Rad1 a4 15. Nc1 Qb6 16. Nd3 Nd4 17. Bg4 Nxc2 18. Rc1 Nd4 19. Rc3 h5 20. Bxh5 Ne2+ 21. Bxe2 1-0


[Site "https://www.chess.com"]

[Event "Titled Tuesday Blitz November 14 Early 2023"]
[White "LangesNasenhaar"]
[Black "Spichkin, Alexander"]
[BlackFideId "4144074"]
[WhiteElo "2426"]
[BlackElo "2304"]
[Result "0-1"]
[Round "9"]
[TimeControl "180+1"]
[Date "2023.11.14"]
[WhiteClock "0:00:11"]
[BlackClock "0:00:08"]
[Board "133"]

1. d4 e6 2. e4 d5 3. Nc3 Nf6 4. e5 Nfd7 5. f4 c5 6. Nce2 Nc6 7. Nf3 Qb6 8. c3 f6 9. h4 cxd4 10. cxd4 Bb4+ 11. Bd2 Nxd4 12. Nexd4 fxe5 13. fxe5 O-O 14. Bxb4 Qxb4+ 15. Qd2 Qb6 16. Bd3 Kh8 17. O-O-O Nc5 18. Kb1 Bd7 19. Bc2 Ba4 20. b3 Bd7 21. Rhf1 a5 22. Ka1 a4 23. b4 Ne4 24. Bxe4 dxe4 25. Ng5 a3 26. Nf7+ Kg8 27. Nd6 Ba4 28. Rxf8+ Rxf8 29. Nb3 Qd8 30. Re1 Qxh4 31. Nc5 Rf2 32. Qc3 e3 33. Nxe6 Rc2 34. Qxe3 Qxb4 35. Rb1 Rb2 36. Qc1 Bc2 37. Rxb2 axb2+ 38. Qxb2 Qe1+ 39. Qc1 Qxc1# 0-1


[Site "https://www.chess.com"]

[Event "Titled Tuesday Blitz November 14 Early 2023"]
[White "ATM622"]
[Black "Cardozo Munar, Carlos Eduardo"]
[BlackFideId "4409477"]
[WhiteElo "2416"]
[BlackElo "2267"]
[Result "1-0"]
[Round "9"]
[TimeControl "180+1"]
[Date "2023.11.14"]
[WhiteClock "0:00:09"]
[BlackClock "0:00:21"]
[Board "134"]

1. d4 d5 2. c4 e5 3. dxe5 d4 4. Nf3 Nc6 5. a3 Nge7 6. e3 Bg4 7. Be2 dxe3 8. Qxd8+ Rxd8 9. Bxe3 Ng6 10. e6 Bxe6 11. O-O a6 12. Nc3 Be7 13. Rad1 O-O 14. Nd5 Bxd5 15. cxd5 Nce5 16. Nd4 Bf6 17. Nb3 Nd7 18. Bd4 Rfe8 19. Bg4 Bxd4 20. Rxd4 Nf6 21. Bf3 Ne5 22. Be4 Nxe4 23. Rxe4 Nd3 24. Rd4 Nxb2 25. h3 b5 26. Nc5 Rd6 27. Ne4 Rg6 28. Rc1 Nc4 29. a4 h6 30. Kh2 Nd6 31. Nc5 Re2 32. Kg1 bxa4 33. Nxa4 Nb5 34. Rf4 Rd6 35. Nc5 Re5 36. Nb7 Rdxd5 37. Rc6 a5 38. Nxa5 Na7 39. Rxc7 Rxa5 40. Rfxf7 Rg5 41. f4 Rg3 42. Kh2 Rg6 43. Rxa7 Rxa7 44. Rxa7 Kh7 45. g3 h5 46. h4 Kh6 47. Ra5 Re6 48. Re5 Rd6 49. Kg2 Rd3 50. Rf5 g6 51. Rf8 Ra3 52. Rb8 Rc3 53. Rb6 Ra3 54. f5 Ra2+ 55. Kf3 Ra3+ 56. Kf4 Ra4+ 57. Ke5 Rg4 58. Rxg6+ Rxg6 59. fxg6 Kxg6 60. Ke6 Kh7 61. Kf6 Kh6 62. Kf5 Kg7 63. Kg5 Kh7 64. Kxh5 Kg7 65. Kg5 Kh7 66. h5 Kg7 67. h6+ Kh7 68. Kh5 Kh8 69. g4 Kg8 70. g5 Kh8 71. g6 Kg8 72. Kg5 Kh8 73. Kf6 Kg8 74. Ke7 Kh8 75. Kf6 Kg8 76. g7 Kh7 77. Kf7 Kxh6 78. g8=Q Kh5 79. Kf6 Kh4 80. Kf5 Kh5 81. Qg5# 1-0


[Site "https://www.chess.com"]

[Event "Titled Tuesday Blitz November 14 Early 2023"]
[White "Babayeva, Nasrin"]
[Black "KatakuriDono"]
[WhiteFideId "13416626"]
[WhiteElo "1852"]
[BlackElo "2345"]
[Result "0-1"]
[Round "9"]
[TimeControl "180+1"]
[Date "2023.11.14"]
[WhiteClock "0:01:03"]
[BlackClock "0:01:34"]
[Board "136"]

1. e4 e5 2. Nf3 Nc6 3. d3 Nf6 4. c3 d5 5. Nbd2 Be7 6. b4 a6 7. Be2 d4 8. cxd4 exd4 9. a3 O-O 10. O-O Re8 11. Bb2 Bd6 12. Nb3 Nh5 13. Nfxd4 Nf4 14. Nxc6 bxc6 15. Bf3 Qg5 16. Qd2 Be6 17. Nd4 Nh3+ 0-1


[Site "https://www.chess.com"]

[Event "Titled Tuesday Blitz November 14 Early 2023"]
[White "thisjuan"]
[Black "Grossboss19"]
[WhiteElo "2194"]
[BlackElo "2476"]
[Result "1/2-1/2"]
[Round "9"]
[TimeControl "180+1"]
[Date "2023.11.14"]
[WhiteClock "0:00:04"]
[BlackClock "0:00:11"]
[Board "137"]

1. c4 e6 2. g3 d5 3. Bg2 c5 4. Nf3 d4 5. O-O Nc6 6. e3 Nf6 7. exd4 Nxd4 8. Nxd4 Qxd4 9. d3 Be7 10. Nc3 O-O 11. Nb5 Qd8 12. Bf4 Ne8 13. Qd2 a6 14. Nc3 Bd6 15. Rad1 Qc7 16. Bxd6 Nxd6 17. b3 e5 18. Nd5 Qd8 19. f4 exf4 20. Qxf4 Be6 21. d4 Bxd5 22. Bxd5 cxd4 23. Qxd4 Qc7 24. Rfe1 Rfe8 25. Rxe8+ Rxe8 26. Bg2 Nf5 27. Qd7 Qxd7 28. Rxd7 b5 29. Bd5 Ne7 30. Bb7 bxc4 31. bxc4 Kf8 32. c5 Ng6 33. c6 Ne5 34. Rd5 Nxc6 35. Bxc6 Re2 36. a4 Re6 37. Bd7 Rb6 38. a5 Rf6 39. Rc5 Ke7 40. Bc8 Kd6 41. Rc2 Kd5 42. Bb7+ Kd4 43. Rb2 Kc5 44. Kg2 g6 45. Rf2 Rxf2+ 46. Kxf2 Kb5 47. Ke3 Kxa5 48. Kd4 Kb6 49. Bd5 f6 50. Bg8 h6 51. Kc4 Kc6 52. Bf7 g5 53. g4 Kd6 54. Kb4 Ke5 55. Ka5 Kf4 56. Be6 Ke5 57. Bc8 Kf4 58. Kxa6 Kf3 59. Kb5 Kg2 60. Kc5 Kxh2 61. Kd6 Kg3 62. Ke7 Kh4 63. Kxf6 h5 64. gxh5 Kxh5 65. Bf5 Kh4 66. Ke5 Kg3 67. Kf6 Kf4 68. Bg6 g4 69. Bd3 g3 70. Bf1 Kf3 71. Bh3 Kf4 72. Bg2 Ke3 73. Ba8 Kf4 74. Bg2 Ke3 75. Ba8 Kf2 76. Bb7 g2 77. Bxg2 1/2-1/2


[Site "https://www.chess.com"]

[Event "Titled Tuesday Blitz November 14 Early 2023"]
[White "Skibbe, Willi"]
[Black "Balla, Tamas-Kristof"]
[WhiteFideId "4682190"]
[BlackFideId "1208497"]
[WhiteElo "2233"]
[BlackElo "2400"]
[Result "1-0"]
[Round "9"]
[TimeControl "180+1"]
[Date "2023.11.14"]
[WhiteClock "0:00:11"]
[BlackClock "0:01:19"]
[Board "138"]

1. e4 c5 2. c3 Nf6 3. e5 Nd5 4. Nf3 Nc6 5. Bc4 Nb6 6. Bb3 d5 7. exd6 Qxd6 8. O-O g6 9. d4 cxd4 10. Ng5 e6 11. Ne4 Qd8 12. Bg5 Be7 13. Bh6 e5 14. Qf3 Bf5 15. Ng3 Qd7 16. Nxf5 Qxf5 17. Qxf5 gxf5 18. cxd4 Nxd4 19. f4 e4 20. Bg7 Nxb3 21. axb3 Rg8 22. Be5 O-O-O 23. Rc1+ Kd7 24. Rxa7 Bc5+ 25. Rxc5 Ke8 26. Rc1 e3 27. Rxb7 e2 28. Nc3 Nd5 29. Nxe2 Ne3 30. g3 f6 31. Rcc7 Rd1+ 32. Kf2 Ng4+ 33. Kg2 fxe5 34. Re7+ Kd8 35. fxe5 Rd2 36. Kf3 Nxh2+ 37. Ke3 Rd5 38. Nf4 Ng4+ 39. Kf3 Rxe5 40. Ne6+ Rxe6 41. Rxe6 Nh2+ 42. Kg2 Ng4 43. Rb8+ Kd7 44. Rxg8 Kxe6 45. Rg7 Nf6 46. Ra7 h5 47. b4 Kd5 48. Kh3 Kc4 49. Kh4 Ne4 50. Rb7 Nd6 51. Rb6 Nb5 52. Kxh5 Kxb4 53. Rxb5+ Kxb5 54. Kg5 Kb4 55. Kxf5 Kb3 56. g4 Kxb2 57. g5 Kc3 58. g6 Kd4 59. g7 Kd5 60. g8=Q+ Kd6 61. Qe6+ Kc7 62. Qd5 Kb6 63. Qc4 Ka5 64. Qb3 1-0


[Site "https://www.chess.com"]

[Event "Titled Tuesday Blitz November 14 Early 2023"]
[White "Todev, Simeon"]
[Black "Limontaite, Simona"]
[WhiteFideId "2925133"]
[BlackFideId "12802506"]
[WhiteElo "2347"]
[BlackElo "2231"]
[Result "0-1"]
[Round "9"]
[TimeControl "180+1"]
[Date "2023.11.14"]
[WhiteClock "0:00:26"]
[BlackClock "0:01:28"]
[Board "139"]

1. e4 g6 2. Nf3 Bg7 3. d4 d6 4. Be3 e6 5. Nc3 a6 6. Bd3 Ne7 7. h4 h6 8. Qd2 Nd7 9. g4 b5 10. O-O-O Bb7 11. Ne2 Nb6 12. Ng3 Nc4 13. Bxc4 bxc4 14. Ne1 Qd7 15. f4 O-O-O 16. Rf1 f5 17. gxf5 gxf5 18. e5 dxe5 19. dxe5 Qxd2+ 20. Bxd2 Nd5 21. Nh5 Bf8 22. Nf3 Bc5 23. Rde1 Rhg8 24. Nf6 Rg3 25. Nh5 Rg2 26. Ng1 Rdg8 27. Ne2 Ne3 28. Bxe3 Bxe3+ 29. Kd1 Rd8+ 0-1


[Site "https://www.chess.com"]

[Event "Titled Tuesday Blitz November 14 Early 2023"]
[White "Silvestre, Christian"]
[Black "Manon-og, Ramon Jr."]
[WhiteFideId "30956269"]
[BlackFideId "5200776"]
[WhiteElo "2230"]
[BlackElo "2325"]
[Result "0-1"]
[Round "9"]
[TimeControl "180+1"]
[Date "2023.11.14"]
[WhiteClock "0:02:29"]
[BlackClock "0:02:44"]
[Board "140"]

1. e4 c5 2. c3 Nf6 3. e5 Nd5 4. d4 cxd4 5. Nf3 Nc6 6. cxd4 e6 7. Bd3 d6 8. Qe2 Qa5+ 9. Nbd2 Nf4 10. Qe3 Nxg2+ 0-1


[Site "https://www.chess.com"]

[Event "Titled Tuesday Blitz November 14 Early 2023"]
[White "campochess"]
[Black "Mazzilli, Piero"]
[BlackFideId "807087"]
[WhiteElo "2189"]
[BlackElo "2309"]
[Result "0-1"]
[Round "9"]
[TimeControl "180+1"]
[Date "2023.11.14"]
[WhiteClock "0:00:00"]
[BlackClock "0:00:13"]
[Board "141"]

1. d4 d5 2. Bg5 h6 3. Bh4 c5 4. dxc5 g5 5. Bg3 Bg7 6. c3 Nc6 7. Nf3 e5 8. e3 Nge7 9. Be2 O-O 10. O-O a5 11. Na3 Be6 12. Nc2 Nf5 13. b4 axb4 14. cxb4 g4 15. Nd2 e4 16. b5 Nxg3 17. hxg3 Bxa1 18. Qxa1 Ne7 19. Nd4 Qa5 20. Nxe6 fxe6 21. Rd1 Ng6 22. Bxg4 Rae8 23. a4 Qb4 24. c6 bxc6 25. bxc6 Qd6 26. Rc1 Rc8 27. Qc3 Ne5 28. Be2 Rxc6 29. Qb2 Rfc8 30. Rxc6 Rxc6 31. Nf1 Kh7 32. Qb7+ Rc7 33. Qb8 Rd7 34. Qe8 Nf7 35. Bg4 Qe7 36. Qb8 Rb7 37. Qf4 Qg5 38. Nd2 Qxf4 39. gxf4 e5 40. Be6 exf4 41. exf4 Kg7 42. Bxd5 Rd7 43. Bxf7 Rxd2 44. Bc4 Rc2 45. Bb5 Rc1+ 46. Kh2 Kf6 47. Kg3 Ra1 48. Kg4 Ra3 49. f3 e3 50. g3 Ra2 51. f5 e2 52. Bxe2 Rxe2 53. Kf4 Ra2 54. g4 Rxa4+ 55. Kg3 Ra3 56. Kf4 Ra5 57. Ke4 Rb5 58. f4 Rb4+ 59. Kf3 Ra4 0-1


[Site "https://www.chess.com"]

[Event "Titled Tuesday Blitz November 14 Early 2023"]
[White "Josgar05"]
[Black "Cardenas Carbajal, Nilson"]
[BlackFideId "8401128"]
[WhiteElo "2303"]
[BlackElo "2179"]
[Result "1-0"]
[Round "9"]
[TimeControl "180+1"]
[Date "2023.11.14"]
[WhiteClock "0:01:32"]
[BlackClock "0:00:00"]
[Board "142"]

1. Nf3 d5 2. d4 Nf6 3. c4 c6 4. Nc3 e6 5. Bg5 Be7 6. e3 Nbd7 7. Bd3 O-O 8. O-O dxc4 9. Bxc4 b5 10. Bd3 a6 11. a3 c5 12. Qe2 Bb7 13. Rad1 Qb6 14. Bb1 Rac8 15. dxc5 Nxc5 16. b4 Ncd7 17. Rxd7 Nxd7 18. Bxe7 Rxc3 19. Bxf8 Kxf8 20. Qd2 Qc6 21. Be4 Qxe4 22. Qxc3 Nf6 23. Rd1 Bd5 24. Qc8+ Ke7 25. Qc7+ Nd7 26. Rc1 Bc4 27. Nd4 Bd5 28. Qg3 Nf6 29. Rc7+ Nd7 30. h3 g6 31. Kh2 f5 32. Qg5+ Kd6 33. Rc1 1-0


[Site "https://www.chess.com"]

[Event "Titled Tuesday Blitz November 14 Early 2023"]
[White "Tuleyeva-Aketayeva, Dana"]
[Black "Ismayilova, Khanim"]
[WhiteFideId "13701932"]
[BlackFideId "13429019"]
[WhiteElo "2300"]
[BlackElo "2157"]
[Result "1-0"]
[Round "9"]
[TimeControl "180+1"]
[Date "2023.11.14"]
[WhiteClock "0:00:10"]
[BlackClock "0:00:15"]
[Board "143"]

1. d4 d5 2. Nf3 Nf6 3. g3 g6 4. Bg2 Bg7 5. O-O O-O 6. c3 c6 7. Bf4 Bg4 8. Nbd2 Nbd7 9. Ne5 Nxe5 10. Bxe5 Rc8 11. Re1 Bh6 12. Qc2 Nd7 13. e4 Nxe5 14. dxe5 dxe4 15. Nxe4 Bf5 16. Rad1 Qc7 17. Qb3 Bxe4 18. Rxe4 Rcd8 19. e6 Rxd1+ 20. Qxd1 Bg7 21. Qd7 Qd6 22. Bh3 Rd8 23. exf7+ Kf8 24. Qxd6 Rxd6 25. Be6 Rd2 26. Rb4 b6 27. Rh4 Rxb2 28. Rxh7 Rc2 29. c4 Re2 30. Bd7 Kxf7 31. Bxc6 Kf8 32. Rh4 Bf6 33. Rg4 g5 34. h4 gxh4 35. gxh4 Rxa2 36. Bd5 Ra1+ 37. Kg2 Re1 38. Rg8# 1-0


[Site "https://www.chess.com"]

[Event "Titled Tuesday Blitz November 14 Early 2023"]
[White "Semenova, Alina"]
[Black "Pumpkin_in_moonlight"]
[WhiteFideId "24113875"]
[WhiteElo "2176"]
[BlackElo "2298"]
[Result "0-1"]
[Round "9"]
[TimeControl "180+1"]
[Date "2023.11.14"]
[WhiteClock "0:00:00"]
[BlackClock "0:00:06"]
[Board "144"]

1. e4 e5 2. Nf3 Nc6 3. d4 exd4 4. Nxd4 Nf6 5. Nxc6 bxc6 6. e5 Nd5 7. c4 Ne7 8. Bd3 d5 9. O-O Be6 10. Nd2 Ng6 11. Nf3 dxc4 12. Be4 Bd5 13. e6 fxe6 14. Ng5 e5 15. Qf3 Qd7 16. Rd1 O-O-O 17. Be3 Bb4 18. Qe2 Kb8 19. a3 Ba5 20. Bc2 Bb6 21. Ne4 Nf4 22. Bxf4 exf4 23. Qf3 Rhf8 24. Rd2 Qe7 25. Rad1 Kb7 26. Qe2 Kb8 27. Qf3 h6 28. Qe2 g5 29. Kh1 g4 30. f3 gxf3 31. gxf3 Rg8 0-1


[Site "https://www.chess.com"]

[Event "Titled Tuesday Blitz November 14 Early 2023"]
[White "Larina, Maria"]
[Black "Feliz Dotel, Dewar Bienvenido"]
[WhiteFideId "24113182"]
[BlackFideId "6402801"]
[WhiteElo "2282"]
[BlackElo "2155"]
[Result "1-0"]
[Round "9"]
[TimeControl "180+1"]
[Date "2023.11.14"]
[WhiteClock "0:00:09"]
[BlackClock "0:00:00"]
[Board "145"]

1. e4 e5 2. Nf3 Nc6 3. Nc3 Nf6 4. Bb5 Nd4 5. O-O Nxb5 6. Nxb5 d5 7. exd5 Nxd5 8. Nxe5 Be7 9. d4 O-O 10. c4 c6 11. Nc3 Nc7 12. Re1 Be6 13. b3 Bb4 14. Qd3 Bf5 15. Qd2 Ne6 16. Rd1 Nxd4 17. Bb2 c5 18. a3 Bxc3 19. Bxc3 Nxb3 20. Qf4 Nxa1 21. Rxd8 Raxd8 22. h3 Bg6 23. h4 h6 24. Ng4 Nc2 25. Nxh6+ gxh6 26. Qxh6 Nd4 27. Kh2 Rd6 28. Qf4 Rfd8 29. h5 Bf5 30. Bxd4 1-0


[Site "https://www.chess.com"]

[Event "Titled Tuesday Blitz November 14 Early 2023"]
[White "LeoWin2012"]
[Black "Dahlgren, James Allen"]
[BlackFideId "22256873"]
[WhiteElo "2279"]
[BlackElo "2142"]
[Result "0-1"]
[Round "9"]
[TimeControl "180+1"]
[Date "2023.11.14"]
[WhiteClock "0:02:49"]
[BlackClock "0:02:47"]
[Board "146"]

1. a4 d5 2. Na3 e5 3. c3 c5 4. Nc2 d4 5. c4 f5 6. d3 Nf6 7. Bd2 a5 8. b3 Nc6 9. Na3 Bd6 10. Nb5 O-O 11. Nf3 e4 12. dxe4 fxe4 13. Ng5 h6 14. Nh3 Bxh3 15. gxh3 e3 16. fxe3 Ne4 17. Bg2 Qh4# 0-1


[Site "https://www.chess.com"]

[Event "Titled Tuesday Blitz November 14 Early 2023"]
[White "Kuchava, Ana"]
[Black "Winkels, Marcel"]
[WhiteFideId "13605348"]
[BlackFideId "1003887"]
[WhiteElo "2239"]
[BlackElo "2072"]
[Result "1-0"]
[Round "9"]
[TimeControl "180+1"]
[Date "2023.11.14"]
[WhiteClock "0:01:05"]
[BlackClock "0:00:00"]
[Board "147"]

1. d4 Nf6 2. Nf3 g6 3. c4 Bg7 4. Nc3 d5 5. Bg5 Ne4 6. Bf4 Nxc3 7. bxc3 dxc4 8. e3 c5 9. Bxc4 Qa5 10. O-O O-O 11. Qb3 Nc6 12. Ng5 Nd8 13. Rab1 h6 14. Ne4 Bf5 15. f3 Rc8 16. Rbc1 a6 17. Nxc5 b5 18. Be2 e5 19. Bg3 Qb6 20. Bf2 Ne6 21. Nd7 Nxd4 22. Nxb6 Nxb3 23. axb3 Rc6 24. Nd5 Rd8 25. Ne7+ 1-0


[Site "https://www.chess.com"]

[Event "Titled Tuesday Blitz November 14 Early 2023"]
[White "Kornyukov, Alexey"]
[Black "Politov, Pavel Y."]
[WhiteFideId "4150457"]
[BlackFideId "24110515"]
[WhiteElo "2316"]
[BlackElo "2103"]
[Result "1-0"]
[Round "9"]
[TimeControl "180+1"]
[Date "2023.11.14"]
[WhiteClock "0:01:14"]
[BlackClock "0:00:00"]
[Board "148"]

1. e4 c5 2. Nf3 d6 3. c3 Nf6 4. Be2 g6 5. d3 Bg7 6. O-O O-O 7. Be3 Bg4 8. Qb3 Qc7 9. Nbd2 Nc6 10. h3 Bxf3 11. Nxf3 Nd7 12. d4 b6 13. d5 Nce5 14. Nxe5 Nxe5 15. f4 Nd7 16. Qc2 e6 17. f5 exd5 18. exd5 Rfe8 19. Qd2 Ne5 20. fxg6 fxg6 21. Bh6 Bxh6 22. Qxh6 Qg7 23. Qd2 Re7 24. Bb5 Rf8 25. Rxf8+ Qxf8 26. Rf1 Qg7 27. Qg5 h6 28. Qf6 Qxf6 29. Rxf6 Nf7 30. Rxg6+ Kh7 31. Re6 Rc7 32. Be8 Ng5 33. Rxd6 Re7 34. Rd7 Rxd7 35. Bxd7 Nf7 36. Bf5+ Kg7 37. Be6 Nd6 38. Kf2 Kf6 39. Ke3 Ke5 40. b3 Nb5 41. c4 Nc3 42. a3 1-0


[Site "https://www.chess.com"]

[Event "Titled Tuesday Blitz November 14 Early 2023"]
[White "vovasev"]
[Black "parintele_chess"]
[WhiteElo "2083"]
[BlackElo "2214"]
[Result "1-0"]
[Round "9"]
[TimeControl "180+1"]
[Date "2023.11.14"]
[WhiteClock "0:01:20"]
[BlackClock "0:00:00"]
[Board "149"]

1. e4 c5 2. Nf3 Nc6 3. d4 cxd4 4. Nxd4 Nf6 5. Nc3 h5 6. Nxc6 bxc6 7. e5 Ng4 8. e6 dxe6 9. Qxd8+ Kxd8 10. h3 Nf6 11. Be3 Nd5 12. O-O-O Kc7 13. Bd4 Nxc3 14. Bxc3 f6 15. Ba5+ Kb7 16. Rd8 g6 17. Bd3 Bh6+ 18. Kb1 Rxd8 19. Bxd8 f5 20. Bxe7 e5 21. Bc4 Bd7 22. Bf7 g5 23. Bxh5 Be8 24. Bf3 e4 25. Be2 c5 26. Bxc5 Bc6 27. Rd1 Bf8 28. Bxf8 Rxf8 29. b4 a6 30. c4 Kc7 31. b5 axb5 32. cxb5 Bb7 33. Kb2 f4 34. Kb3 f3 35. gxf3 exf3 36. Bc4 Rh8 37. Be6 Rh6 38. Bg4 Kb6 39. a4 Ka5 40. Rd7 Kb6 41. Kb4 Rf6 42. a5+ Ka7 43. a6 Rf4+ 44. Ka5 1-0


[Site "https://www.chess.com"]

[Event "Titled Tuesday Blitz November 14 Early 2023"]
[White "missponyo10"]
[Black "dumbernugget"]
[WhiteElo "2132"]
[BlackElo "1902"]
[Result "1-0"]
[Round "9"]
[TimeControl "180+1"]
[Date "2023.11.14"]
[WhiteClock "0:01:32"]
[BlackClock "0:01:33"]
[Board "150"]

1. e4 c5 2. Nf3 d6 3. d4 cxd4 4. Nxd4 Nf6 5. Nc3 g6 6. Be3 Bg7 7. f3 O-O 8. Bc4 Nc6 9. O-O Bd7 10. Kh1 Rc8 11. Bb3 a6 12. Nxc6 Bxc6 13. Qd2 b5 14. a3 a5 15. Rad1 b4 16. axb4 axb4 17. Na2 Nd7 18. Rb1 Nc5 19. Bc4 Na4 20. Nxb4 Nxb2 21. Nxc6 Rxc6 22. Bb3 Nc4 23. Bxc4 Rxc4 24. Qd3 Qc7 25. Rfc1 Rc3 26. Qd2 Rc8 27. h3 Rxc2 28. Rxc2 Qxc2 29. Qxc2 Rxc2 30. Rb8+ 1-0


[Site "https://www.chess.com"]